Map: Dusk Towers

Players

Jyostar

  • Race: Terran Terran
  • League: Grandmaster

Nathanias - Winner!

  • Race: Terran Terran
  • League: Grandmaster

VOD

Have the link to the VOD?

Description

Time

  • Played on: March 11, 2016, 8:03 p.m.
  • Length: 16:01
Show
View Real Time Build Order
Export as new Build Order

Jyostar Terran 

Build Orders: Reaper Expand, Bio Tank 

Get SALT Encoding   

  12  0:01  SCV  
  13  0:13  SCV  
  14  0:17  Supply Depot  
  14  0:25  SCV  
  15  0:38  SCV  
  15  0:42  Barracks  
  16  0:44  Refinery  
  16  0:50  SCV  
  17  1:02  SCV  
  18  1:15  SCV  
  19  1:29  Orbital Command, Reaper  
  20  1:44  Command Center  
  20  1:55  SCV  
  20  1:58  Supply Depot  
  20  2:00  Marine  
  22  2:04  Factory  
  22  2:08  SCV  
  23  2:14  Refinery  
  23  2:20  SCV  
  24  2:22  Barracks Reactor  
  24  2:36  SCV  
  25  2:49  Starport  
  25  2:50  Hellion  
  27  2:52  SCV  
  27  2:56  Orbital Command  
  28  3:02  Marine x2  
  30  3:05  SCV  
  31  3:13  Widow Mine  
  31  3:18  SCV  
  34  3:21  SCV  
  35  3:27  Medivac  
  35  3:31  Command Center  
  37  3:35  SCV x2  
  37  3:40  Marine x2  
  41  3:44  Factory Tech Lab  
  41  3:47  SCV  
  41  3:48  SCV  
  43  3:50  Supply Depot  
  43  4:00  Marine  
  45  4:04  SCV  
  46  4:11  SCV, Barracks, Marine  
  46  4:12  Barracks  
  46  4:16  SCV  
  48  4:21  Engineering Bay x2  
  48  4:24  SCV  
  48  4:28  SCV, Marine  
  48  4:29  Marine  
  52  4:43  Siege Tank  
  54  4:49  SCV x2, Orbital Command  
  56  5:01  SCV x2  
  56  5:06  Terran Infantry Armor Level 1, Terran Infantry Weapons Level 1, Refinery x2  
  56  5:07  Barracks Tech Lab x2  
  58  5:13  SCV, Barracks x2  
  57  5:24  Siege Tank  
  57  5:26  Combat Shields, Stimpack  
  60  5:31  SCV x2  
  60  5:34  Supply Depot  
  62  5:37  Supply Depot  
  62  5:38  Orbital Command, Marine x2  
  62  5:39  Marine x2  
  62  5:40  Starport Reactor  
  66  5:56  Marine  
  66  5:57  Siege Tank  
  66  5:58  Marine x3  
  66  6:01  SCV  
  66  6:02  SCV  
  74  6:04  SCV  
  74  6:06  Barracks Reactor x2  
  75  6:14  Marine  
  75  6:17  Armory  
  76  6:23  Marine x3  
  76  6:24  Medivac x2  
  83  6:31  SCV x2  
  85  6:38  Supply Depot  
  85  6:39  Supply Depot, Siege Tank  
  88  6:43  Marine  
  88  6:44  Marine x4  
  92  6:47  Sensor Tower  
  92  6:51  SCV  
  93  6:59  SCV x2  
  95  7:15  Marine x5, Siege Tank  
  99  7:16  Marine x3  
  99  7:17  SCV x2  
  99  7:19  Refinery  
  99  7:20  Refinery  
  108  7:24  Supply Depot  
  108  7:33  Marine, Supply Depot  
  108  7:35  Missile Turret  
  109  7:45  SCV x3, Medivac x2  
  109  7:47  Terran Vehicle Weapons Level 1  
  116  7:53  Marine  
  116  7:54  Marine x7  
  124  8:00  SCV  
  124  8:04  Supply Depot  
  125  8:06  Supply Depot  
  125  8:07  Supply Depot  
  125  8:13  SCV, Marine  
  125  8:14  Sensor Tower  
  125  8:25  Marine x2, Medivac x2  
  131  8:30  Marine x2  
  131  8:33  Marine  
  131  8:34  Marine  
  107  8:44  Liberator x2  
  107  8:48  Marine x6  
  104  8:49  Siege Tank  
  104  8:53  Factory  
  104  8:54  Barracks  
  104  8:55  Barracks  
  109  8:59  Marine x2  
  117  9:06  Marine x3  
  117  9:07  SCV x3  
  123  9:13  Terran Infantry Weapons Level 2  
  123  9:15  Terran Infantry Armor Level 2  
  123  9:31  Command Center  
  120  9:43  Factory Tech Lab, Marine x2, Siege Tank  
  125  9:52  Marine x8  
  133  10:00  Marine x2  
  133  10:05  Medivac x2, Siege Tank  
  142  10:12  Factory  
  142  10:15  Siege Tank  
  142  10:19  Missile Turret  
  142  10:20  Missile Turret  
  142  10:21  Marine, Missile Turret  
  145  10:22  Marine x3, Missile Turret, Barracks Reactor  
  145  10:24  Barracks Reactor  
  149  10:29  Supply Depot  
  149  10:44  Siege Tank  
  149  10:46  Marine x6  
  149  10:47  Siege Tank  
  161  10:50  Missile Turret  
  161  10:54  Planetary Fortress  
  161  11:01  Factory Tech Lab  
  161  11:03  Marine x5  
  166  11:09  Terran Vehicle Weapons Level 2  
  166  11:15  Marine x4  
  166  11:16  Marine  
  166  11:17  Marine  
  172  11:23  Marine x3  
  175  11:28  Marine x3  
  178  11:38  Siege Tank x3  
  187  11:43  Supply Depot  
  187  11:46  Supply Depot  
  187  11:51  Missile Turret, Sensor Tower  
  186  12:12  Marine  
  186  12:13  Marine x9  
  196  12:18  Terran Infantry Armor Level 3, Terran Infantry Weapons Level 3  
  196  12:25  Medivac x2  
  200  12:50  Command Center  
  119  13:11  Marine x10  
  119  13:12  Marine x2  
  89  13:22  Siege Tank x3  
  89  13:23  Medivac x2  
  91  13:28  Marine  
  91  13:29  Marine x8  
  100  13:35  Marine x3  
  99  13:46  Marine  
  99  13:47  Marine x6  
  97  13:55  Siege Tank x2  
  93  14:07  Marine x5  
  93  14:08  Marine x7  
  88  14:20  Siege Tank  
  84  14:25  Marine x4  
  82  14:33  Marine x5  
Show
View Real Time Build Order
Export as new Build Order

Nathanias Terran - Winner!

Build Orders: Bio Tank 

Get SALT Encoding   

  12  0:00  SCV  
  13  0:12  SCV  
  14  0:17  Supply Depot  
  14  0:24  SCV  
  15  0:39  SCV  
  15  0:41  Barracks  
  16  0:51  SCV  
  17  1:03  SCV  
  18  1:15  SCV  
  19  1:26  Command Center  
  19  1:30  Orbital Command  
  19  1:32  Marine  
  20  1:40  Supply Depot  
  20  1:50  Marine  
  21  1:57  SCV  
  22  2:09  Command Center  
  22  2:12  Marine  
  22  2:14  SCV  
  24  2:21  Refinery  
  24  2:25  Refinery  
  24  2:30  Marine  
  24  2:33  SCV  
  26  2:38  Orbital Command  
  26  2:45  SCV  
  26  2:48  Marine  
  28  2:57  SCV  
  29  3:10  SCV  
  30  3:19  SCV  
  31  3:22  SCV, Orbital Command  
  31  3:24  Factory  
  32  3:30  Barracks x2  
  32  3:31  SCV  
  32  3:34  SCV  
  34  3:43  SCV  
  34  3:44  Barracks Tech Lab  
  34  3:46  SCV  
  37  3:48  SCV  
  37  3:51  Engineering Bay  
  37  3:54  Engineering Bay  
  37  3:55  SCV  
  38  3:58  SCV  
  38  3:59  Refinery  
  38  4:02  Refinery, Stimpack  
  39  4:04  SCV  
  39  4:05  Marine  
  41  4:14  Factory Reactor, Starport  
  41  4:17  Barracks Reactor  
  41  4:18  SCV  
  41  4:22  Barracks Reactor  
  41  4:23  SCV x2  
  44  4:28  Marine  
  44  4:30  SCV  
  46  4:35  SCV x2, Supply Depot  
  48  4:39  Terran Infantry Weapons Level 1  
  48  4:43  SCV, Terran Infantry Armor Level 1  
  48  4:44  Supply Depot  
  49  4:47  SCV x2  
  46  4:55  SCV  
  46  4:59  SCV x2  
  44  5:07  SCV  
  44  5:09  Marine x3  
  44  5:10  Marine x2  
  44  5:11  SCV  
  44  5:12  SCV  
  52  5:17  Factory Tech Lab  
  52  5:19  SCV  
  53  5:23  SCV  
  53  5:24  SCV  
  53  5:28  Medivac x2  
  59  5:29  Marine x2  
  59  5:31  SCV  
  59  5:35  SCV  
  63  5:36  Missile Turret  
  63  5:38  SCV  
  64  5:43  SCV  
  64  5:44  Siege Tank  
  64  5:47  SCV  
  68  5:50  SCV  
  68  5:55  SCV  
  69  5:59  Missile Turret  
  69  6:03  Marine x4  
  73  6:04  Marine  
  73  6:07  SCV  
  73  6:09  Orbital Command, Combat Shields  
  75  6:15  Supply Depot  
  75  6:21  SCV, Marine  
  77  6:26  SCV  
  77  6:36  Armory, Marine x4  
  77  6:37  SCV  
  77  6:38  SCV, Supply Depot  
  77  6:39  Marine  
  84  6:46  Missile Turret  
  84  6:48  SCV  
  85  6:55  Missile Turret  
  85  6:56  Missile Turret  
  85  7:00  SCV x2  
  85  7:01  SCV  
  88  7:02  Marine x5  
  91  7:12  SCV x2  
  91  7:13  SCV  
  90  7:20  Barracks  
  90  7:21  Barracks  
  90  7:22  Marine x3  
  93  7:27  Terran Vehicle Weapons Level 1  
  93  7:28  Terran Infantry Weapons Level 2  
  93  7:29  Terran Infantry Armor Level 2  
  93  7:42  Factory  
  93  7:44  Supply Depot  
  93  7:45  Supply Depot  
  93  7:53  Supply Depot  
  93  8:01  Sensor Tower  
  93  8:03  Sensor Tower  
  93  8:05  Marine x2  
  93  8:06  SCV x3, Refinery, Siege Tank  
  93  8:07  Medivac x2  
  93  8:08  Refinery, Supply Depot  
  93  8:09  Barracks Reactor x2  
  105  8:16  Barracks  
  105  8:17  Barracks, Marine  
  105  8:18  SCV x2, Marine  
  109  8:25  Marine x2  
  97  8:38  Siege Tank  
  97  8:39  Marine x2  
  79  8:43  Marine  
  79  8:44  Marine x2  
  79  8:45  SCV  
  79  8:48  Marine x4  
  76  8:56  Marine  
  76  8:57  SCV, Marine  
  76  9:01  Marine x3  
  79  9:03  Factory Tech Lab, Medivac x2  
  79  9:07  SCV x2  
  85  9:10  Siege Tank  
  85  9:16  Marine x2  
  85  9:17  Marine x4  
  90  9:18  Barracks Reactor x2  
  90  9:22  SCV x2  
  90  9:23  Marine x3  
  99  9:24  Siege Tank  
  99  9:26  SCV  
  99  9:27  Sensor Tower  
  103  9:33  Medivac  
  103  9:34  SCV x2, Marine x4  
  105  9:38  SCV  
  105  9:42  Marine x2, Siege Tank  
  108  9:46  SCV  
  108  9:47  Marine  
  108  9:48  Marine  
  108  9:49  Terran Infantry Weapons Level 3  
  111  9:56  Marine x5, Siege Tank  
  111  9:57  Marine x4  
  123  10:08  Marine x2  
  123  10:09  Missile Turret  
  125  10:14  Marine x4  
  125  10:15  Supply Depot x2  
  125  10:18  Supply Depot  
  125  10:20  Terran Vehicle Weapons Level 2  
  129  10:30  Marine x7  
  129  10:31  Marine  
  137  10:45  Siege Tank  
  137  10:46  Siege Tank  
  137  10:47  Medivac x2  
  137  10:49  Marine  
  147  10:50  Marine x3  
  147  10:54  Marine x2  
  147  10:55  Marine  
  147  10:56  Marine  
  155  10:57  Marine  
  155  10:59  Marine  
  155  11:00  Marine  
  155  11:01  Marine  
  155  11:03  Marine  
  160  11:09  Marine x2  
  160  11:10  Marine x2  
  164  11:13  Supply Depot  
  164  11:17  Marine x5  
  169  11:18  Marine  
  170  11:25  Medivac  
  170  11:27  Marine  
  170  11:32  Marine x2, Medivac  
  177  11:45  Terran Infantry Armor Level 3, Marine x7  
  177  11:46  Marine x2  
  184  12:15  Marine  
  184  12:16  Marine x4  
  184  12:21  Marine x6  
  195  12:30  Command Center  
  194  12:44  Terran Vehicle Weapons Level 3  
  194  12:51  Marine x3  
  194  12:52  Marine  
  197  12:59  Marine  
  139  13:12  Marine x4  
  125  13:22  Marine  
  125  13:23  Siege Tank x2  
  125  13:25  Marauder  
  134  13:37  Marine x2  
  134  13:40  Marine x7  
  134  13:41  Marine x2  
  140  13:44  Marine  
  140  13:47  Marauder  
  143  13:55  Marine x2  
  144  13:58  Marine x5  
  144  14:02  Marine x5  
  149  14:07  Marine  
  142  14:13  Marine x2  
  142  14:16  Marine x5  
  146  14:20  Marine x5  
  146  14:23  Siege Tank  
  154  14:25  Marine  
  154  14:31  Marine x2  
  155  14:33  Marine  
  155  14:34  Marine x4  
  155  14:38  Marine  
  155  14:43  Marine x4  
  155  14:58  Planetary Fortress  
  155  15:00  Missile Turret  
  155  15:09  Marine x4  
  155  15:13  Siege Tank  
  155  15:15  Medivac x2, Siege Tank  
  155  15:16  Refinery, Marine  
  155  15:17  Marine x3  
  155  15:18  Refinery  
Tags
 
Add a new tag
Caveats
  • Supply blocks, unpowered buildings, or Contaminate may cause inaccurate times.
  • Supply counts are checked every 10 seconds.